 Dungeon Crawl Stone Soup version 0.28.0-43-g3370ac3207 (webtiles) character file.

Game seed: 9470959537606279653

10700 nickcage the Basher (level 11, -28/87 HPs)
             Began as a Demonspawn Abyssal Knight on Mar 18, 2022.
             Was the Champion of Lugonu.
             Killed from afar by Azrael (42 damage)
             ... with damnation
             ... on level 11 of the Dungeon.
             The game lasted 00:34:06 (8471 turns).

nickcage the Basher (Demonspawn Abyssal Knight)     Turns: 8471, Time: 00:34:08

Health: -28/87     AC: 25    Str: 17    XL:     11   Next: 39%
Magic:  26/26      EV:  6    Int: 16    God:    Lugonu [******]
Gold:   750        SH:  0    Dex: 15    Spells: 10/10 levels left

rFire   + . .      SeeInvis .   h - +4 demon whip (venom)
rCold   x . .      Faith    .   (no shield)
rNeg    . . .      Spirit   .   l - +1 plate armour
rPois   +          Reflect  .   C - +3 hat of Pondering {ponderous, Will+ MP+10 Int+5}
rElec   .          Harm     .   (cloak unavailable)
rCorr   .          Rampage  .   M - +0 pair of gloves
Will    +....                   b - +2 pair of boots
Stlth   ..........              g - amulet of regeneration
HPRegen 1.04/turn               a - ring of poison resistance
MPRegen 0.20/turn               E - ring of fire

@: slow
A: icy blue scales 2, ignite blood 1, demonic magic 1, weakness stinger 3
a: Renounce Religion, Depart the Abyss, Bend Space, Banish, Corrupt, Enter the
Abyss, Brand Weapon With Distortion


You were on level 11 of the Dungeon.
You worshipped Lugonu.
Lugonu was exalted by your worship.
You visited 1 branch of the dungeon, and saw 12 of its levels.
You visited the Abyss 1 time.
You also visited: Ossuary.

You collected 750 gold pieces.

Inventory:

Hand Weapons
 e - a +1 whip of electrocution
 h - a +4 demon whip of venom (weapon)
Missiles
 p - 22 poisoned darts (quivered)
 D - 3 throwing nets
Armour
 b - a +2 pair of boots (worn)
 l - a +1 plate armour (worn)
 C - the +3 hat of Pondering (worn) {ponderous, Will+ MP+10 Int+5}
   (You took it off Gastronok on level 8 of the Dungeon)

   Int:       It affects your intelligence (+5).
   MP:        It affects your magic capacity (+10).
   Will:      It increases your willpower.
 M - a +0 pair of gloves (worn)
Jewellery
 a - a ring of poison resistance (left hand)
 g - an amulet of regeneration (around neck)
 A - a ring of resist corrosion
 E - a ring of fire (right hand)
 J - a ring of poison resistance
 N - a ring of see invisible
Wands
 w - a wand of paralysis (7)
 y - a wand of acid (8)
 K - a wand of iceblast (12)
Scrolls
 d - 3 scrolls of fog
 i - a scroll of teleportation
 m - 2 scrolls of noise
 q - a scroll of magic mapping
 s - a scroll of amnesia
 t - a scroll of enchant armour
 v - a scroll of brand weapon {unknown}
 G - a scroll of fear
Potions
 c - a potion of might {unknown}
 f - a potion of attraction
 j - 2 potions of invisibility
 k - 2 potions of ambrosia
 n - 4 potions of brilliance
 o - 4 potions of magic
 r - 3 potions of curing
 u - a potion of cancellation
 x - a potion of degeneration {unknown}
 z - a potion of mutation {unknown}
 B - a potion of haste
 F - 2 potions of heal wounds
 H - a potion of berserk rage
 I - a potion of resistance {unknown}
 L - a potion of flight {unknown}


   Skills:
 + Level 8.5 Fighting
 - Level 12.0 Maces & Flails
 + Level 8.0 Armour
 - Level 0.8 Dodging
 - Level 7.4 Invocations


You had 10 spell levels left.
You didn't know any spells.
Your spell library contained the following spells:

 Spells                   Type           Power      Damage    Failure   Level
 Apportation              Tloc           0%         N/A       100%        1
 Ozocubu's Armour         Ice            0%         N/A       100%        3
 Tukima's Dance           Hex            0%         N/A       100%        3
 Anguish                  Hex/Necr       0%         N/A       100%        4
 Animate Dead             Necr           0%         N/A       100%        4
 Alistair's Intoxication  Tmut/Pois      0%         N/A       100%        5
 Borgnjor's Vile Clutch   Necr/Erth      0%         N/A       100%        5
 Death Channel            Necr           0%         N/A       100%        6
 Enfeeble                 Hex            0%         N/A       100%        7
 Ozocubu's Refrigeration  Ice            0%         4d5       100%        7


Dungeon Overview and Level Annotations

Branches:
Dungeon (12/15)            Temple (0/1) D:4            Lair (0/6) D:11
Ossuary (visited)
    Orc: D:9-12

Altars:
Ru
Zin
Beogh

Shops:
D:8 (   D:11 ?   D:12 (

Annotations:
D:11 Azrael


Innate Abilities, Weirdness & Mutations

You are mostly covered in icy blue scales. (AC +3)
Your demonic aura sometimes causes spilled blood to erupt in flames.
Spells you cast may paralyse adjacent enemies.
You have a sharp stinger which inflicts weakening toxins.


Message History

The fire elemental is severely damaged.
The fire elemental hits you. The fire elemental burns you! You resist.
You hit the fire elemental.
The fire elemental is severely damaged.
Azrael hits you with a +1 scimitar of flaming.
Azrael burns you.
The gnoll hits you but does no damage. x2
The fire elemental hits you. The fire elemental burns you! You resist.
You whack the fire elemental!
You destroy the fire elemental!
Lugonu accepts your kill.
Your Armour skill increases to level 8!
You hit the gnoll.
The gnoll is moderately wounded.
Azrael hits you but does no damage. The gnoll hits you with a +0 whip.
The gnoll hits you but does no damage.
You whack the gnoll!
You kill the gnoll!
Lugonu accepts your kill.
You hit Azrael but do no damage. You tail-slap Azrael, but do no damage.
Azrael gestures at you.
The sphere of damnation explodes!
The damnation engulfs you!!!
Ouch! That really hurt!
* * * LOW HITPOINT WARNING * * *
The damnation engulfs Azrael.
Azrael completely resists.
The damnation engulfs the gnoll!!!
The gnoll dies!
You whack Azrael! You tail-slap Azrael, but do no damage. You punch Azrael.
Azrael is lightly wounded.
You hit Azrael but do no damage. You tail-slap Azrael.
Azrael looks weaker.
Azrael is lightly wounded.
Azrael hits you with a +1 scimitar of flaming.
* * * LOW HITPOINT WARNING * * *
You hit Azrael. You tail-slap Azrael, but do no damage.
You punch Azrael, but do no damage.
Azrael is lightly wounded.
You hit Azrael but do no damage.
Azrael is lightly wounded.
Azrael gestures at you.
The sphere of damnation explodes!
The damnation engulfs you!!!
You die...

.................................
.................................
..........)......................
'####+###....######'#....##+###'#
........+....#......#....+......#
........#....#......#....#......#
#'###+###....#......#....#..##'##
.............#..°..<#....#..##.##
.............#..@)..'....'.....#.
.............#.R#####....#.....#.
.............#..#........#.....#.
#########....#..#........########
........#....#..#..............##
........'....#..#..............#.
........#....#..#..............+.
#########....#..#..............##
#........#####..#................


You could see Azrael (weak).

Vanquished Creatures
  Gastronok (D:8)
  Erolcha (D:11)
  Harold (D:8)
  A hydra (D:9)
  A two-headed ogre (D:8)
  A deep elf pyromancer (D:11)
  A cyclops (D:10)
  A gargoyle (D:11)
  An unseen horror (D:11)
  Grinder (D:6)
  3 yaks (D:8)
  A wraith (D:11)
  A wyvern (D:9)
  2 fire elementals (D:11)
  A steam dragon (D:5)
  Menkaure (D:6)
  2 acid dragons (D:11)
  2 water moccasins
  2 hell hounds (D:11)
  3 ice beasts
  A black bear (D:6)
  2 sky beasts
  2 orc warriors
  An ogre (D:9)
  2 centaurs
  2 kobold brigands
  A bullfrog (D:7)
  2 gnoll sergeants
  2 scorpions (D:4)
  11 killer bees
  5 wights
  A howler monkey (D:6)
  9 centaur zombies
  3 hounds
  A gnoll shaman (D:4)
  A centaur skeleton (D:6)
  A jelly (D:7)
  8 orc priests
  2 iguanas
  7 orc wizards
  A hound skeleton (D:4)
  5 mummies (Ossuary)
  Robin (D:4)
  A howler monkey zombie (D:9)
  20 gnolls
  10 adders
  A shadow imp (D:6)
  A white imp (D:6)
  An ufetubus (D:2)
  A worm zombie (D:5)
  3 worms
  3 dart slugs
  46 orcs
  9 endoplasms
  4 giant cockroaches
  15 goblins
  9 hobgoblins
  24 kobolds
  4 quokkas
  6 ball pythons
  6 bats
  3 frilled lizards
  4 hobgoblin zombies (Ossuary)
  A quokka skeleton (D:4)
  6 rats
277 creatures vanquished.

Vanquished Creatures (others)
  2 gnolls
2 creatures vanquished.

Grand Total: 279 creatures vanquished

Notes
Turn   | Place    | Note
-------+----------+-------------------------------------------
     0 | Abyss:1  | nickcage the Demonspawn Abyssal Knight began the quest for
                  | the Orb.
     0 | Abyss:1  | Reached XP level 1. HP: 18/18 MP: 2/2
     9 | D:1      | Escaped the Abyss
    88 | D:1      | Found a faded altar of an unknown god.
    90 | D:1      | Reached skill level 2 in Maces & Flails
   255 | D:1      | Gained mutation: Spells you cast may paralyse adjacent
                  | enemies. [demonic ancestry]
   255 | D:1      | Reached XP level 2. HP: 24/24 MP: 3/3
   480 | D:1      | Reached ** piety under Lugonu
   886 | D:2      | Reached skill level 3 in Maces & Flails
   886 | D:2      | Gained mutation: You have a small tail. [demonic ancestry]
   886 | D:2      | Reached XP level 3. HP: 8/29 MP: 4/4
  1138 | D:2      | Reached XP level 4. HP: 16/35 MP: 5/5
  1181 | D:2      | Reached skill level 4 in Maces & Flails
  1518 | D:3      | Gained mutation: You have a tail ending in a sharp stinger.
                  | [demonic ancestry]
  1518 | D:3      | Reached XP level 5. HP: 34/41 MP: 6/6
  1568 | D:3      | Reached skill level 5 in Maces & Flails
  1595 | D:3      | Reached *** piety under Lugonu
  1910 | D:4      | Found a sacrificial altar of Ru.
  2016 | D:4      | Gained mutation: Your demonic aura sometimes causes spilled
                  | blood to erupt in flames. [demonic ancestry]
  2016 | D:4      | Reached XP level 6. HP: 45/47 MP: 7/7
  2079 | D:4      | Reached skill level 6 in Maces & Flails
  2274 | D:4      | Reached **** piety under Lugonu
  2303 | D:4      | Found a staircase to the Ecumenical Temple.
  2440 | D:4      | Reached skill level 7 in Maces & Flails
  2485 | D:4      | Gained mutation: You are partially covered in icy blue
                  | scales. (AC +2) [demonic ancestry]
  2485 | D:4      | Reached XP level 7. HP: 50/52 MP: 8/8
  2521 | D:4      | Noticed Robin
  2655 | D:4      | Killed Robin
  2800 | D:5      | Entered Level 5 of the Dungeon
  2901 | D:5      | Reached skill level 8 in Maces & Flails
  2967 | D:5      | Noticed a steam dragon
  2973 | D:5      | Killed a steam dragon
  2974 | D:5      | Reached skill level 9 in Maces & Flails
  2974 | D:5      | Reached XP level 8. HP: 42/58 MP: 9/9
  2976 | D:5      | Found a sand-covered staircase.
  2989 | Ossuary  | Entered an ossuary
  3026 | Ossuary  | Reached ***** piety under Lugonu
  3503 | D:6      | Reached skill level 10 in Maces & Flails
  3505 | D:6      | Identified a scroll of acquirement
  3505 | D:6      | Acquired a +4 demon whip of venom
  3556 | D:6      | Noticed Grinder
  3576 | D:6      | Killed Grinder
  4030 | D:6      | Reached skill level 11 in Maces & Flails
  4030 | D:6      | Gained mutation: You are mostly covered in icy blue scales.
                  | (AC +3) [demonic ancestry]
  4030 | D:6      | Reached XP level 9. HP: 63/63 MP: 10/10
  4030 | D:6      | Noticed Menkaure
  4041 | D:6      | Killed Menkaure
  4819 | D:7      | Reached skill level 12 in Maces & Flails
  5597 | D:8      | Noticed Gastronok
  5637 | D:8      | Killed Gastronok
  5638 | D:8      | Reached skill level 5 in Fighting
  5638 | D:8      | Gained mutation: You have a sharp stinger which inflicts
                  | weakening toxins. [demonic ancestry]
  5638 | D:8      | Reached XP level 10. HP: 21/74 MP: 12/14
  5752 | D:8      | Noticed a two-headed ogre
  5765 | D:8      | Killed a two-headed ogre
  5826 | D:8      | Noticed Harold
  5845 | D:8      | Killed Harold
  5846 | D:8      | Reached skill level 5 in Armour
  5921 | D:8      | Found Ynellyuwug's Firing Range.
  6737 | D:9      | Reached ****** piety under Lugonu
  6866 | D:9      | Noticed an eight-headed hydra
  6869 | D:9      | Killed an eight-headed hydra
  6925 | D:10     | Entered Level 10 of the Dungeon
  7079 | D:10     | Noticed a cyclops
  7101 | D:10     | Killed a cyclops
  7102 | D:10     | Reached XP level 11. HP: 75/84 MP: 16/16
  7584 | D:11     | Found a staircase to the Lair.
  7588 | D:11     | Found Umurchoti's Magic Scroll Boutique.
  7737 | D:11     | Noticed Erolcha
  7748 | D:11     | Killed Erolcha
  8007 | D:11     | Noticed a deep elf pyromancer
  8015 | D:11     | Killed a deep elf pyromancer
  8433 | D:12     | Found Ocus's Weapon Shoppe.
  8435 | D:12     | Noticed Azrael
  8471 | D:11     | Killed from afar by Azrael

Illustrated notes

Levels and vault maps discovered:
D:1:      lightli_arrival_flooded_house, layout_loops_cross,
          hellmonk_ecumenical_altar_crossroads, minmay_misc_feat_doors
D:2:      layout_rooms
D:3:      layout_rooms
D:4:      layout_gridville, mainiacjoe_overflow_tiny_flanked,
          minmay_temple_entry_tees, nzn_random_ring, uniq_robin
D:5:      layout_cave_pools, enter_ossuary_3
D:6:      layout_cave_pods, uniq_grinder, uniq_menkaure
D:7:      layout_basic, kennysheep_flooded_box, chequers_garden
D:8:      layout_cave_pools, nrook_campfire, grunt_decor_resistance,
          nicolae_shop_firing_range, uniq_harold, uniq_gastronok
D:9:      layout_rooms, special_room [special_room_orc], kennysheep_just_a_vault
D:10:     layout_roguey
D:11:     layout_gridville, lair_entry_dummy, serial_shops, shop_statue,
          uniq_erolcha
D:12:     minmay_the_grid_octo_triangle [minmay_the_grid_octo_shrine,
          minmay_the_grid_octo_prize_single_spiral,
          minmay_the_grid_octo_fan_narrow], layout_cave_pools, serial_shops,
          shop, nicolae_shop_crystal, shop, nicolae_shop_crystal, shop_coins,
          uniq_azrael

Skill      XL: |  1  2  3  4  5  6  7  8  9 10 11 |
---------------+----------------------------------+-----
Maces & Flails | 2 3 4 5 7 9 11 12 | 12.0
Armour         | 4 6 8 |  8.0
Invocations    | 6 7 |  7.4
Fighting       | 5 7 8 |  8.5
Dodging        | |  0.8

Action                   |  1- 3 |  4- 6 |  7- 9 | 10-12 || total
-------------------------+-------+-------+-------+-------++-------
Melee: Mace              |    19 |       |       |       ||    19
       Punch             |     2 |     2 |     7 |     5 ||    16
       Whip              |    87 |   178 |   190 |       ||   455
       Tailslap          |     6 |    22 |    63 |    41 ||   132
       Demon whip        |       |       |   176 |   264 ||   440
Throw: Stone             |       |     8 |       |       ||     8
       Dart              |       |     5 |     9 |    16 ||    30
Invok: Bend Space        |       |       |     1 |       ||     1
  Use: Scroll            |       |     4 |    13 |     5 ||    22
       Potion            |       |     1 |       |       ||     1
Armor: Leather armour    |    18 |     4 |       |       ||    22
       Plate armour      |       |    94 |   211 |   185 ||   490
Dodge: Dodged            |    64 |    42 |    72 |    50 ||   228
